[ PARTIDA AOE2 · #493758900 ]
UnrankedBereberes vs Portuguese
Equipo del jugador · VICT
[ ANÁLISIS DE REPETICIÓN · EXTRAÍDO DE LA PARTIDA GRABADA ]
Feudal
10:57
Castillos
14:32
Imperial
29:51
| APM promedio | 67.8 |
| APM pico | 125 |
| eAPM promedio | 38.3 |
| Aldeanos / militares | 192 / 316 |
Foco
⚔️ 60.3% · 🌾 39.7%
Scout Cavalry ×220 · Camel Archer ×32 · Trebuchet (Packed) ×24 · Knight ×18 · Bombard Cannon ×18 · Monk ×3
Feudal
11:46
Castillos
15:23
Imperial
27:32
| APM promedio | 46.7 |
| APM pico | 94 |
| eAPM promedio | 27.3 |
| Aldeanos / militares | 177 / 244 |
Foco
⚔️ 43.4% · 🌾 56.6%
Spearman ×110 · Organ Gun ×86 · Monk ×31 · Trebuchet (Packed) ×12 · Bombard Cannon ×4 · Mangonel ×1
Mapa de la partida
Recursos iniciales + cada clic de construcción. Líneas = muros · curvas = relieve. ◆ oro · ⬟ piedra · ● bayas · ✦ reliquia · ◌ hueco del cierre
Tu base· ✓ Cerrada en 14:32 · 35t muro · 2 puerta(s)
Base de Mantarraya· ✓ Cerrada en 15:23 · 20t muro · 2 puerta(s)
Terreno inicial suavizado · ◌ = hueco del cierre detectado · pasá el cursor para detalles
Inputs por minuto
— Ra - - Mantarraya
Build order — Ra
Primeras 150 de 714 acciones detectadas
| 0:00 | Crear | Villager (Male) |
| 0:00 | Crear | Villager (Male) |
| 0:00 | Crear | Villager (Male) |
| 0:02 | Construir | House |
| 0:02 | Construir | House |
| 0:04 | Crear | Villager (Male) |
| 1:28 | Crear | Villager (Male) |
| 1:28 | Crear | Villager (Male) |
| 1:28 | Crear | Villager (Male) |
| 1:43 | Construir | Lumber Camp |
| 1:57 | Crear | Villager (Male) |
| 2:14 | Crear | Villager (Male) |
| 2:14 | Crear | Villager (Male) |
| 2:44 | Crear | Villager (Male) |
| 2:44 | Crear | Villager (Male) |
| 3:16 | Crear | Villager (Male) |
| 3:17 | Crear | Villager (Male) |
| 3:18 | Crear | Villager (Male) |
| 3:50 | Construir | House |
| 3:51 | Construir | House |
| 4:12 | Crear | Villager (Male) |
| 4:13 | Crear | Villager (Male) |
| 4:16 | Crear | Villager (Male) |
| 4:49 | Construir | Mill |
| 4:55 | Crear | Villager (Male) |
| 4:55 | Crear | Villager (Male) |
| 5:42 | Crear | Villager (Male) |
| 5:45 | Crear | Villager (Male) |
| 5:45 | Crear | Villager (Male) |
| 5:57 | Construir | Palisade Wall |
| 6:21 | Crear | Villager (Male) |
| 6:21 | Crear | Villager (Male) |
| 6:23 | Construir | Mill |
| 6:58 | Crear | Villager (Male) |
| 7:46 | Construir | Mining Camp |
| 7:59 | Construir | Farm |
| 8:13 | Construir | House |
| 8:21 | Crear | Villager (Male) |
| 8:23 | Investigar | Feudal Age |
| 8:51 | Construir | Farm |
| 8:57 | Construir | House |
| 9:12 | Crear | Villager (Male) |
| 10:57 | Edad | Edad Feudal |
| 10:59 | Construir | Market |
| 11:05 | Construir | Blacksmith |
| 11:10 | Crear | Villager (Male) |
| 11:52 | Investigar | Castle Age |
| 11:52 | Investigar | Castle Age |
| 12:12 | Investigar | Double-Bit Axe |
| 12:12 | Investigar | Double-Bit Axe |
| 12:13 | Investigar | Horse Collar |
| 12:37 | Construir | Palisade Wall |
| 13:00 | Construir | Palisade Wall |
| 13:12 | Construir | House |
| 13:54 | Crear | Villager (Male) |
| 14:32 | Edad | Edad de los Castillos |
| 14:36 | Crear | Villager (Male) |
| 14:42 | Construir | Town Center |
| 14:52 | Construir | Palisade Wall |
| 14:56 | Crear | Villager (Male) |
| 15:08 | Crear | Villager (Male) |
| 15:21 | Construir | Farm |
| 15:48 | Crear | Villager (Male) |
| 15:54 | Construir | Town Center |
| 16:02 | Crear | Villager (Male) |
| 16:03 | Crear | Villager (Male) |
| 16:09 | Construir | Farm |
| 16:10 | Construir | Farm |
| 16:11 | Construir | Farm |
| 16:15 | Construir | Farm |
| 16:15 | Construir | Farm |
| 16:19 | Crear | Villager (Male) |
| 16:20 | Construir | Monastery |
| 16:25 | Crear | Villager (Male) |
| 16:29 | Crear | Villager (Male) |
| 16:34 | Construir | Lumber Camp |
| 16:45 | Crear | Villager (Male) |
| 16:45 | Crear | Villager (Male) |
| 17:05 | Crear | Monk |
| 17:15 | Crear | Villager (Male) |
| 17:15 | Crear | Villager (Male) |
| 17:33 | Crear | Villager (Male) |
| 17:33 | Crear | Villager (Male) |
| 17:35 | Construir | Siege Workshop |
| 17:47 | Crear | Villager (Male) |
| 17:48 | Crear | Villager (Male) |
| 18:05 | Investigar | Atonement |
| 18:07 | Crear | Villager (Male) |
| 18:07 | Crear | Villager (Male) |
| 18:18 | Construir | House |
| 18:19 | Construir | House |
| 18:20 | Crear | Villager (Male) |
| 18:20 | Crear | Villager (Male) |
| 18:23 | Construir | Farm |
| 18:23 | Construir | Farm |
| 18:24 | Construir | Farm |
| 18:27 | Construir | Farm |
| 18:34 | Crear | Mangonel |
| 18:38 | Crear | Villager (Male) |
| 18:38 | Crear | Villager (Male) |
| 18:38 | Crear | Villager (Male) |
| 18:42 | Crear | Monk |
| 18:56 | Construir | Farm |
| 18:57 | Crear | Villager (Male) |
| 18:57 | Crear | Villager (Male) |
| 18:58 | Crear | Villager (Male) |
| 18:59 | Construir | Farm |
| 19:01 | Investigar | Loom |
| 19:01 | Investigar | Loom |
| 19:08 | Construir | House |
| 19:10 | Crear | Villager (Male) |
| 19:10 | Crear | Villager (Male) |
| 19:25 | Construir | Farm |
| 19:40 | Crear | Villager (Male) |
| 19:40 | Crear | Villager (Male) |
| 19:40 | Crear | Villager (Male) |
| 19:54 | Construir | Barracks |
| 19:55 | Crear | Villager (Male) |
| 19:55 | Crear | Villager (Male) |
| 19:58 | Construir | House |
| 19:58 | Construir | House |
| 20:02 | Crear | Villager (Male) |
| 20:02 | Crear | Villager (Male) |
| 20:02 | Crear | Villager (Male) |
| 20:06 | Construir | House |
| 20:08 | Crear | Villager (Male) |
| 20:09 | Crear | Villager (Male) |
| 20:13 | Construir | Farm |
| 20:27 | Crear | Villager (Male) |
| 20:27 | Crear | Villager (Male) |
| 20:34 | Crear | Villager (Male) |
| 20:36 | Investigar | Redemption |
| 20:36 | Investigar | Redemption |
| 20:44 | Crear | Villager (Male) |
| 20:44 | Crear | Villager (Male) |
| 20:52 | Construir | Castle |
| 21:01 | Crear | Villager (Male) |
| 21:01 | Crear | Villager (Male) |
| 21:05 | Crear | Villager (Male) |
| 21:17 | Construir | Farm |
| 21:17 | Construir | Farm |
| 21:24 | Construir | Farm |
| 21:25 | Construir | Farm |
| 21:26 | Construir | Farm |
| 21:27 | Crear | Villager (Male) |
| 21:27 | Crear | Villager (Male) |
| 21:31 | Construir | Farm |
| 21:32 | Crear | Villager (Male) |
| 21:35 | Construir | Farm |
| 21:35 | Crear | Villager (Male) |
Build order — Mantarraya
Primeras 150 de 640 acciones detectadas
| 0:00 | Crear | Villager (Male) |
| 0:01 | Crear | Villager (Male) |
| 0:01 | Crear | Villager (Male) |
| 0:02 | Construir | House |
| 0:35 | Construir | Mill |
| 0:55 | Crear | Villager (Male) |
| 0:55 | Crear | Villager (Male) |
| 1:38 | Crear | Villager (Male) |
| 1:38 | Crear | Villager (Male) |
| 1:45 | Construir | House |
| 2:02 | Crear | Villager (Male) |
| 2:02 | Crear | Villager (Male) |
| 2:31 | Crear | Villager (Male) |
| 2:31 | Crear | Villager (Male) |
| 2:31 | Crear | Villager (Male) |
| 2:55 | Crear | Villager (Male) |
| 2:55 | Crear | Villager (Male) |
| 3:07 | Crear | Villager (Male) |
| 3:08 | Crear | Villager (Male) |
| 3:21 | Crear | Villager (Male) |
| 3:39 | Crear | Villager (Male) |
| 3:40 | Crear | Villager (Male) |
| 3:50 | Construir | House |
| 4:04 | Crear | Villager (Male) |
| 4:04 | Crear | Villager (Male) |
| 4:35 | Crear | Villager (Male) |
| 4:36 | Crear | Villager (Male) |
| 5:07 | Crear | Villager (Male) |
| 5:08 | Crear | Villager (Male) |
| 5:14 | Crear | Villager (Male) |
| 5:17 | Construir | Lumber Camp |
| 5:21 | Crear | Villager (Male) |
| 5:21 | Crear | Villager (Male) |
| 5:41 | Crear | Villager (Male) |
| 5:41 | Crear | Villager (Male) |
| 6:00 | Construir | House |
| 6:27 | Construir | Palisade Wall |
| 6:28 | Construir | Palisade Wall |
| 6:38 | Crear | Villager (Male) |
| 6:39 | Crear | Villager (Male) |
| 6:55 | Crear | Villager (Male) |
| 6:56 | Crear | Villager (Male) |
| 7:03 | Construir | Mill |
| 7:15 | Crear | Villager (Male) |
| 7:15 | Crear | Villager (Male) |
| 7:36 | Construir | House |
| 7:49 | Construir | Palisade Wall |
| 8:07 | Construir | Palisade Wall |
| 8:08 | Crear | Villager (Male) |
| 8:08 | Crear | Villager (Male) |
| 8:52 | Crear | Villager (Male) |
| 9:16 | Investigar | Feudal Age |
| 9:16 | Investigar | Feudal Age |
| 9:45 | Construir | Mining Camp |
| 10:10 | Construir | Farm |
| 10:12 | Crear | Villager (Male) |
| 10:13 | Crear | Villager (Male) |
| 10:23 | Construir | Lumber Camp |
| 11:26 | Construir | House |
| 11:44 | Construir | Palisade Wall |
| 11:46 | Edad | Edad Feudal |
| 11:51 | Construir | Market |
| 11:52 | Construir | Blacksmith |
| 12:00 | Investigar | Double-Bit Axe |
| 12:30 | Construir | Mining Camp |
| 12:43 | Investigar | Castle Age |
| 12:43 | Investigar | Castle Age |
| 12:45 | Investigar | Loom |
| 12:45 | Investigar | Loom |
| 12:51 | Construir | House |
| 13:06 | Investigar | Stone Mining |
| 13:13 | Construir | Farm |
| 13:17 | Construir | Farm |
| 13:20 | Construir | Farm |
| 13:57 | Construir | Farm |
| 14:55 | Investigar | Horse Collar |
| 15:23 | Edad | Edad de los Castillos |
| 15:38 | Construir | Castle |
| 15:40 | Crear | Villager (Male) |
| 15:42 | Construir | Monastery |
| 15:45 | Construir | Monastery |
| 15:48 | Crear | Villager (Male) |
| 15:54 | Construir | Farm |
| 15:57 | Construir | Farm |
| 16:22 | Crear | Monk |
| 16:24 | Crear | Villager (Male) |
| 16:34 | Crear | Villager (Male) |
| 16:40 | Crear | Monk |
| 16:42 | Crear | Villager (Male) |
| 16:45 | Construir | Farm |
| 16:45 | Construir | Farm |
| 16:53 | Crear | Organ Gun |
| 16:53 | Crear | Organ Gun |
| 16:53 | Crear | Organ Gun |
| 16:53 | Crear | Organ Gun |
| 17:04 | Crear | Villager (Male) |
| 17:04 | Crear | Villager (Male) |
| 17:09 | Construir | Farm |
| 17:54 | Construir | Farm |
| 17:55 | Crear | Villager (Male) |
| 17:57 | Crear | Organ Gun |
| 18:08 | Construir | Farm |
| 18:11 | Crear | Villager (Male) |
| 18:27 | Crear | Villager (Male) |
| 18:27 | Crear | Villager (Male) |
| 18:33 | Crear | Organ Gun |
| 18:34 | Crear | Organ Gun |
| 18:54 | Construir | Siege Workshop |
| 18:58 | Investigar | Bow Saw |
| 18:58 | Investigar | Bow Saw |
| 19:04 | Crear | Monk |
| 19:18 | Crear | Villager (Male) |
| 19:18 | Crear | Villager (Male) |
| 19:38 | Crear | Mangonel |
| 19:41 | Crear | Villager (Male) |
| 20:03 | Crear | Villager (Male) |
| 20:13 | Investigar | Sanctity |
| 20:16 | Crear | Villager (Male) |
| 20:24 | Construir | Farm |
| 20:27 | Construir | Farm |
| 20:29 | Construir | Farm |
| 21:04 | Crear | Villager (Male) |
| 21:06 | Construir | Farm |
| 21:11 | Investigar | Wheelbarrow |
| 21:37 | Crear | Villager (Male) |
| 21:40 | Investigar | Redemption |
| 21:40 | Investigar | Redemption |
| 22:26 | Crear | Villager (Male) |
| 22:26 | Crear | Villager (Male) |
| 22:55 | Crear | Villager (Male) |
| 22:56 | Crear | Villager (Male) |
| 23:02 | Construir | Town Center |
| 23:05 | Construir | Farm |
| 23:07 | Construir | Farm |
| 23:08 | Construir | Farm |
| 23:23 | Construir | Farm |
| 23:24 | Construir | Farm |
| 24:08 | Construir | Farm |
| 24:09 | Construir | Farm |
| 24:22 | Investigar | Imperial Age |
| 24:22 | Investigar | Imperial Age |
| 24:37 | Crear | Organ Gun |
| 24:38 | Crear | Organ Gun |
| 24:38 | Crear | Organ Gun |
| 24:47 | Crear | Villager (Male) |
| 24:47 | Crear | Villager (Male) |
| 24:47 | Crear | Villager (Male) |
| 25:06 | Investigar | Town Watch |
| 25:06 | Investigar | Town Watch |
| 25:12 | Crear | Organ Gun |
Cronología de la partida
| 5:57 | Ra · wall_segment Palisade Wall x16 |
| 6:27 | Mantarraya · wall_segment Palisade Wall x1 |
| 6:28 | Mantarraya · wall_segment Palisade Wall x1 |
| 7:49 | Mantarraya · wall_segment Palisade Wall x8 |
| 8:07 | Mantarraya · wall_segment Palisade Wall x1 |
| 10:57 | Ra · age_up feudal |
| 11:44 | Mantarraya · wall_segment Palisade Wall x10 |
| 11:46 | Mantarraya · age_up feudal |
| 12:37 | Ra · wall_segment Palisade Wall x4 |
| 13:00 | Ra · wall_segment Palisade Wall x15 |
| 14:32 | Ra · age_up castle |
| 14:52 | Ra · wall_segment Palisade Wall x1 |
| 14:57 | Mantarraya · first_market_buy 100 food |
| 15:23 | Mantarraya · age_up castle |
| 15:28 | Mantarraya · first_market_sell 100 wood |
| 15:38 | Mantarraya · first_building Castle |
| 15:42 | Mantarraya · first_building Monastery |
| 16:20 | Ra · first_building Monastery |
| 17:35 | Ra · first_building Siege Workshop |
| 18:54 | Mantarraya · first_building Siege Workshop |
| 19:54 | Ra · first_building Barracks |
| 20:52 | Ra · first_building Castle |
| 21:46 | Ra · first_building Stable |
| 24:17 | Ra · wall_segment Stone Wall x14 |
| 25:55 | Ra · first_market_buy 100 food |
| 27:32 | Mantarraya · age_up imperial |
| 29:51 | Ra · age_up imperial |
| 32:46 | Mantarraya · first_building Barracks |
| 35:55 | Ra · first_market_sell 500 stone |
| 38:19 | Ra · wall_segment Stone Wall x1 |
| 44:20 | Mantarraya · wall_segment Stone Wall x1 |
| 48:44 | Mantarraya · first_building Archery Range |
| 50:36 | Mantarraya · resign |
[ ANÁLISIS IA · 1 CRÉDITO ]
¿Qué pasó realmente en esta partida?
Wolo.gg analiza cada decisión: build order, eco, micro, errores típicos por bracket. Análisis personalizado por WhatsApp o Discord en 30 segundos.
Guía civ
Bereberes
Perfil
Ra